 Dungeon Crawl Stone Soup version 0.29.1-1-gd02db6906a (webtiles) character file.

Game seed: 10463849972694861480

233 KamiKatze the Chopper (level 5, -4/44 HPs)
             Began as a Palentonga Fighter on Oct 3, 2022.
             Slain by a mummy (11 damage)
             ... in an ossuary.
             The game lasted 00:10:16 (2930 turns).

KamiKatze the Chopper (Palentonga Fighter)          Turns: 2930, Time: 00:10:16

Health: -4/44      AC:  7    Str: 27    XL:     5   Next: 75%
Magic:  5/5        EV:  8    Int:  9    God:
Gold:   143        SH:  4    Dex:  9    Spells: 4/4 levels left

rFire   . . .      SeeInvis +   g - +8 broad axe "Kuadism" {vorpal, rElec Str+4}
rCold   . . .      Faith    .   c - +0 buckler
rNeg    . . .      Spirit   .   b - +0 scale mail
rPois   .          Reflect  .   (no helmet)
rElec   +          Harm     .   (no cloak)
rCorr   .          Rampage  .   s - +0 pair of gloves
Will    .....                   (no barding)
Stlth   ..........              (no amulet)
HPRegen 0.14/turn               (no ring)
MPRegen 0.09/turn               (no ring)

@: no status effects
A: large, rugged brown scales 3, see invisible, deformed body, roll 1, armoured
tail
a: Rolling Charge


You were in an ossuary.
You visited 1 branch of the dungeon, and saw 4 of its levels.
You also visited: Ossuary.

You collected 143 gold pieces.

Inventory:

Hand Weapons
 a - a +1 war axe
 g - the +8 broad axe "Kuadism" (weapon) {vorpal, rElec Str+4}
   (You acquired it on level 4 of the Dungeon)

   It inflicts extra damage upon your enemies.
   Str:       It affects your strength (+4).
   rElec:     It insulates you from electricity.
 r - a +1 dagger of venom
Armour
 b - a +0 scale mail (worn)
 c - a +0 buckler (worn)
 s - a +0 pair of gloves (worn)
Wands
 m - a wand of polymorph (3)
Scrolls
 i - 2 scrolls of blinking
 j - a scroll of immolation {unknown}
Potions
 d - a potion of might
 e - 2 potions of curing
 f - a potion of degeneration {unknown}
 h - a potion of lignification {unknown}
 l - a potion of heal wounds {unknown}
 o - a potion of attraction {unknown}
 p - 3 potions of flight {unknown}
 q - a potion of haste


   Skills:
 + Level 3.7 Fighting
 * Level 3.9 Axes
 + Level 3.1 Armour
 + Level 1.6 Dodging
 + Level 3.4 Shields


You had 4 spell levels left.
You didn't know any spells.
Your spell library contained the following spells:

 Spells                   Type           Power      Damage    Failure   Level
 Foxfire                  Conj/Fire      0%         2x1d4     73%         1
 Conjure Flame            Conj/Fire      0%         6-21      97%         3
 Inner Flame              Hex/Fire       0%         N/A       97%         3
 Flame Wave               Conj/Fire      0%         2d4       100%        4


Dungeon Overview and Level Annotations

Branches:
Dungeon (4/15)            Ossuary (1/1)
 Temple: D:4-7

Altars:
Dithmenos
Okawaru
Sif Muna
Vehumet

Annotations:
D:2 1 runed translucent door, exclusion: door, Crazy Yiuf


Innate Abilities, Weirdness & Mutations

You are completely covered in rugged brown scales. (AC +3, +7% HP)
You have supernaturally acute eyesight. (SInv)
Armour fits poorly on your strangely shaped body.
You can roll at nearby foes to attack.
You have a long armoured tail.


Message History

You barely miss the gnoll zombie.
The gnoll zombie is heavily damaged.
You hit the gnoll zombie.
The gnoll zombie hits you but does no damage.
The gnoll zombie barely misses you.
You slice the gnoll zombie!!
You destroy the gnoll zombie!
You slash the gnoll zombie!
You destroy the gnoll zombie!
No target in view! 2 mummies and a hobgoblin zombie come into view.
The hobgoblin zombie moves out of view. 2 mummies and a hobgoblin zombie come into view. 2 mummies come into view.
The mummy hits you! x2
You are too injured to fight recklessly!
You are too injured to fight recklessly!
You are too injured to fight recklessly!
You slash the mummy! You tail-slap the mummy.
The mummy is severely damaged.
You slash the mummy!
You destroy the mummy!
You hit the mummy. The mummy hits you.
* * * LOW HITPOINT WARNING * * *
You block the hobgoblin zombie's attack.
The mummy hits you.
* * * LOW HITPOINT WARNING * * *
You slice the mummy!!
You destroy the mummy!
You completely miss the mummy. You slash the hobgoblin zombie!
You destroy the hobgoblin zombie!
You completely miss the mummy. You barely miss the hobgoblin zombie.
The hobgoblin zombie hits you but does no damage.
Unknown command.
You barely miss the mummy. You slash the hobgoblin zombie!
You destroy the hobgoblin zombie!
You slash the mummy! The mummy hits you.
* * * LOW HITPOINT WARNING * * *
The mummy hits you!
You die...

... #### ..
.... ##..## ...
....##....##M..
....M..........
...............
#..............
#..M.M...#
#..@...#
##....## #....#
#....# #....#
#....# #....#
#....# #....#


You could see 4 mummies.

Vanquished Creatures
  Jessica (D:3)
  Ijyb (D:2)
  2 mummies (Ossuary)
  8 adders
  2 worms
  2 dart slugs
  An orc (D:3)
  8 endoplasms
  A giant cockroach (D:3)
  11 goblins
  6 hobgoblins
  9 kobolds
  A quokka (D:1)
  6 ball pythons
  4 bats
  2 frilled lizards
  2 gnoll zombies (Ossuary)
  3 hobgoblin zombies (Ossuary)
  2 kobold zombies (Ossuary)
  An orc zombie (Ossuary)
  7 rats
80 creatures vanquished.

Notes
Turn   | Place    | Note
-------+----------+-------------------------------------------
     0 | D:1      | KamiKatze the Palentonga Fighter began the quest for the
                  | Orb.
     0 | D:1      | Reached XP level 1. HP: 19/19 MP: 1/1
   203 | D:1      | Reached XP level 2. HP: 25/25 MP: 2/2
   218 | D:1      | Found a faded altar of an unknown god.
   679 | D:2      | Reached XP level 3. HP: 10/31 MP: 3/3
   891 | D:2      | Reached skill level 1 in Dodging
  1288 | D:2      | Reached XP level 4. HP: 22/37 MP: 4/4
  1588 | D:2      | Found a runed translucent door.
  1589 | D:2      | Noticed Crazy Yiuf
  1883 | D:3      | Noticed Ijyb
  2026 | D:2      | Killed Ijyb
  2334 | D:3      | Reached XP level 5. HP: 31/43 MP: 5/5
  2603 | D:3      | Noticed Jessica
  2635 | D:3      | Killed Jessica
  2650 | D:3      | Found a shimmering blue altar of Sif Muna.
  2775 | D:4      | Identified a scroll of acquirement
  2775 | D:4      | Acquired the +8 broad axe "Kuadism" {vorpal, rElec Str+4}
  2855 | D:4      | Found a shadowy altar of Dithmenos.
  2863 | D:4      | Found an iron altar of Okawaru.
  2868 | D:4      | Found a radiant altar of Vehumet.
  2902 | D:4      | Found a sand-covered staircase.
  2910 | Ossuary  | Entered an ossuary
  2930 | Ossuary  | Slain by a mummy

Illustrated notes

Levels and vault maps discovered:
D:1:      lemuel_arrival_hallway, layout_loops_ring,
          shapermc_ecumenical_altar_hornbeckon, dk_noncrumbling_3
D:2:      layout_loops_corners, grunt_decor_clamped, uniq_crazy_yiuf_cottage
D:3:      layout_basic, tgw_sif, uniq_ijyb
D:4:      layout_loops_ring, grunt_temple_overflow_open,
          nicolae_ossuary_entry_ruins
Ossuary:  ossuary_tomb_3

Skill      XL: |  1  2  3  4  5 |
---------------+----------------+-----
Dodging        | 1 |  1.6
Shields        | 3 |  3.4
Axes           | 3 |  3.9
Armour         | 3 |  3.1
Fighting       | |  3.7

Action                   |  1- 3 |  4- 6 || total
-------------------------+-------+-------++-------
Melee: War axe           |   100 |   111 ||   211
       Tailslap          |     9 |    11 ||    20
       Unarmed           |       |    12 ||    12
       Broad axe         |       |     8 ||     8
 Abil: Rolling Charge    |    28 |    19 ||    47
  Use: Scroll            |     1 |     6 ||     7
 Stab: Confused          |       |     1 ||     1
Armor: Scale mail        |    42 |    50 ||    92
Dodge: Dodged            |    31 |    50 ||    81
Block: Buckler           |    22 |    18 ||    40
